 Dungeon Crawl Stone Soup version 0.30-a0-1123-gabc949cf19 (webtiles) character file.

Game seed: 10223757012584559564

546 HoaS the Skirmisher (level 7, 0/50 HPs)
             Began as a Formicid Hunter on Apr 22, 2023.
             Was a Follower of Zin.
             Slain by a black bear (2 damage)
             ... on level 4 of the Dungeon.
             The game lasted 00:06:11 (2909 turns).

HoaS the Skirmisher (Formicid Hunter)               Turns: 2909, Time: 00:06:12

Health: 0/50       AC:  3    Str: 22    XL:     7   Next: 53%
Magic:  8/8        EV: 12    Int:  8    God:    Zin [*.....]
Gold:   211        SH:  0    Dex: 19    Spells: 6/6 levels left

rFire   . . .        a - +0 shortbow
rCold   . . .        (no shield)
rNeg    . . .        c - +0 leather armour
rPois   .            (helmet unavailable)
rElec   .            (no cloak)
rCorr   .            (no gloves)
SInv    +            (no boots)
Will    .....        (no amulet)
Stlth   ++           h - +6 ring of strength
HPRegen 0.28/turn    (no ring)
MPRegen 0.11/turn

%: no passive effects
@: studying Poison Magic
A: permanent stasis, dig shafts and tunnels, antennae 3, four strong arms
a: Dig, Shaft Self, Renounce Religion, Recite, Donate Gold


You were on level 4 of the Dungeon.
You worshipped Zin.
Zin was aware of your devotion.
You visited 1 branch of the dungeon, and saw 4 of its levels.
You also visited: Sewer.

You collected 234 gold pieces.
You donated 23 gold pieces to Zin.

Inventory:

Hand Weapons
 a - a +0 shortbow (weapon)
Armour
 c - a +0 leather armour (worn)
Jewellery
 h - a +6 ring of strength (left hand)
Wands
 i - a wand of roots (6)
Scrolls
 b - a scroll of immolation
 d - a scroll of identify
Potions
 e - 2 potions of flight
 f - 2 potions of curing
 g - a potion of lignification


   Skills:
 - Level 2.1 Fighting
 * Level 8.4 Ranged Weapons
 - Level 1.7 Dodging
 - Level 1.2 Stealth
 + Level 1.7 Invocations


You had 6 spell levels left.
You didn't know any spells.
Your spell library was empty.

Dungeon Overview and Level Annotations

Branches:
Dungeon (4/15)              Sewer (visited)
 Temple: D:4-7

Altars:
Cheibriados


Innate Abilities, Weirdness & Mutations

You cannot be hasted, slowed, berserked, paralysed or teleported.
You can dig through walls and to a lower floor.
You have a pair of large antennae on your head. (SInv)
Your four strong arms can wield two-handed weapons with a shield.


Message History

No target in view!
Things that are here:
a +0 dagger; 6 poisoned darts; a kobold corpse
i - a wand of roots (6)
Things that are here:
a +0 dagger; 6 poisoned darts; a kobold corpse A black bear comes into view.
Found a stone staircase leading up.
A black bear is nearby!
A black bear is nearby!
You shoot an arrow. The arrow hits the black bear.
The black bear growls angrily.
The black bear is lightly wounded.
You shoot an arrow. The arrow hits the black bear!
The black bear is heavily wounded.
The black bear bites you. The black bear claws you. x2
You shoot an arrow.
The arrow closely misses the black bear.
The black bear bites you! The black bear barely misses you.
The black bear claws you.
You shoot an arrow. The arrow hits the black bear.
The black bear is severely wounded.
The black bear bites you!
The black bear claws you but does no damage.
The black bear claws you.
You shoot an arrow. The arrow hits the black bear.
The black bear is almost dead.
The black bear goes berserk!
You shoot an arrow. The arrow barely misses the black bear.
The black bear bites you! The black bear claws you.
* * * LOW HITPOINT WARNING * * *
The black bear barely misses you.
You shoot an arrow.
The arrow closely misses the black bear.
The black bear closely misses you. The black bear claws you.
* * * LOW HITPOINT WARNING * * *
The black bear claws you.
* * * LOW HITPOINT WARNING * * *
The black bear bites you.
You die...

.######.....#..#..
..†....).##..##..# .#
.#####.#.##..##..##.##
.# #.#....#..#.....#
.# #.#...#....#....#
.# #.#..#.(##..#...#
.#####.#.#...##...#..#
.#......#).........#.#
.#.......###....@....#
.#......## #.###h..###
.######## #.# ..### .#
#.#<.## .# #.##. .#
#.... .# ##### .#
.######


You could see a black bear (berserk).

Vanquished Creatures
  2 kobold brigands (Sewer)
  Blork the orc (D:4)
  A hound (D:4)
  A jelly (D:4)
  Jessica (D:2)
  An iguana (D:4)
  An orc wizard (D:4)
  5 river rats (D:4)
  5 adders
  4 worms
  A dart slug (D:1)
  10 orcs
  5 endoplasms
  5 giant cockroaches
  9 hobgoblins
  4 jackals
  2 quokkas
  8 ball pythons
  4 bats (D:3)
  10 frilled lizards
  9 goblins
  11 kobolds
  7 rats
107 creatures vanquished.

Vanquished Creatures (others)
  7 plants (D:1)
7 creatures vanquished.

Grand Total: 114 creatures vanquished

Notes
Turn   | Place    | Note
-------+----------+-------------------------------------------
     0 | D:1      | HoaS the Formicid Hunter began the quest for the Orb.
     0 | D:1      | Reached XP level 1. HP: 16/16 MP: 1/1
   413 | D:1      | Reached XP level 2. HP: 17/22 MP: 2/2
   754 | D:1      | Reached XP level 3. HP: 24/27 MP: 3/3
   883 | D:2      | Noticed Jessica
   884 | D:2      | Killed Jessica
   885 | D:2      | Reached skill level 5 in Ranged Weapons
   885 | D:2      | Reached XP level 4. HP: 33/33 MP: 4/4
   935 | D:2      | Found a snail-covered altar of Cheibriados.
  1067 | D:2      | Found a faded altar of an unknown god.
  1355 | D:3      | Reached skill level 6 in Ranged Weapons
  1355 | D:3      | Reached XP level 5. HP: 34/38 MP: 5/5
  1964 | D:4      | Found a glowing drain.
  1996 | D:4      | Reached XP level 6. HP: 35/44 MP: 6/6
  2009 | Sewer    | Entered a sewer
  2089 | Sewer    | Reached skill level 7 in Ranged Weapons
  2285 | Sewer    | Found a glowing silver altar of Zin.
  2351 | Sewer    | Became a worshipper of Zin the Law-Giver
  2351 | Sewer    | Reached * piety under Zin
  2411 | D:4      | Noticed Blork the orc
  2419 | D:4      | Killed Blork the orc
  2420 | D:4      | Reached skill level 8 in Ranged Weapons
  2420 | D:4      | Reached XP level 7. HP: 36/50 MP: 7/7
  2563 | D:4      | Reached skill level 1 in Invocations
  2909 | D:4      | HP: 2/50 [black bear (3)]
  2909 | D:4      | Slain by a black bear

Illustrated notes

Levels and vault maps discovered:
D:1:      beargit_arrival_greenhouse, layout_loops_ring, minmay_lizard_king
D:2:      layout_rooms, ebering_ecumenical_altar_box, basic_altar, uniq_jessica
D:3:      minmay_octagon_keep, layout_basic
D:4:      layout_basic, portal_sewer_entry_a, minivault_26, uniq_blork_the_orc

Skill      XL: |  1  2  3  4  5  6  7 |
---------------+----------------------+-----
Ranged Weapons | 5 6 8 |  8.4
Invocations    | 1 |  1.7
Fighting       | |  2.1
Dodging        | |  1.7
Stealth        | |  1.2

Action                     |  1- 3 |  4- 6 |  7- 9 || total
---------------------------+-------+-------+-------++-------
  Melee: Unarmed           |       |    16 |       ||    16
   Fire: Shortbow          |    65 |   192 |    58 ||   315
    Use: Scroll            |     3 |     4 |     2 ||     9
         Potion            |       |     1 |       ||     1
 Armour: Leather armour    |    20 |    15 |     6 ||    41
         Skin              |       |    25 |       ||    25
  Dodge: Dodged            |    44 |    58 |    18 ||   120

Table legend: (Time is in decaauts)
 A = Elapsed time spent in this place.
 B = Non-inter-level travel time spent in this place.
 C = Inter-level travel time spent in this place.
 D = Time resting spent in this place.
 E = Time spent auto-exploring this place.
 F = Levels seen in this place.
 G = Mean time per level.
                   A        B        C        D        E       F      G
               +--------+--------+--------+--------+--------+-----+--------+
         Total |   3026 |   2971 |     55 |    425 |   1785 |   5 |  605.2 |
       Dungeon |   2586 |   2531 |     55 |    258 |   1674 |   4 |  646.5 |
         Sewer |    439 |    439 |      0 |    167 |    111 |   1 |  439.0 |
               +--------+--------+--------+--------+--------+-----+--------+

Top non-repeatable levels by time:
     D:3: 787 daAuts
     D:1: 782 daAuts
     D:4: 575 daAuts
     D:2: 441 daAuts
   Sewer: 439 daAuts
